 Dungeon Crawl Stone Soup version 0.31-a0-358-gac0dbeb3ab (webtiles) character file.

Game seed: 16658317556569799030

48 mopl the Vexing (level 3, 0/23 HPs)
             Began as an Octopode Hexslinger on July 25, 2023.
             Slain by a hobgoblin (3 damage)
             ... on level 3 of the Dungeon.
             The game lasted 00:02:09 (1363 turns).

mopl the Vexing (Octopode Hexslinger)               Turns: 1363, Time: 00:02:10

Health: 0/23       AC:  1    Str:  7    XL:     3   Next: 72%
Magic:  5/5        EV: 13    Int: 15    God:
Gold:   106        SH:  0    Dex: 16    Spells: 3/4 levels left

rFire   + . .        (no weapon)
rCold   . . .        (no shield)
rNeg    . . .        (helmet restricted)
rPois   .            l - amulet of faith {!P}
rElec   .            f - ring of protection from fire
rCorr   .            (no ring)
SInv    .            (no ring)
Will    .....        (no ring)
Stlth   ++           (no ring)
HPRegen 0.23/turn    (no ring)
MPRegen 0.09/turn    (no ring)
                     (no ring)

%: faith
@: no status effects
A: almost no armour, amphibious, 8 rings, camouflage 1, gelatinous body 1,
(nimble swimmer 1), tentacles
a: no special abilities


You were on level 3 of the Dungeon.
You visited 1 branch of the dungeon, and saw 3 of its levels.

You collected 106 gold pieces.

Inventory:

Hand Weapons
 a - a +1 sling
Jewellery
 f - a ring of protection from fire (left tentacle)
 l - an amulet of faith (around mantle) {!P}
 m - an amulet of magic regeneration
Wands
 o - a wand of flame (20)
Scrolls
 b - 2 scrolls of poison
 c - 3 scrolls of butterflies {unknown}
 d - 2 scrolls of fear {unknown}
 g - 2 scrolls of fog {unknown}
 h - a scroll of teleportation {unknown}
 i - 3 scrolls of identify {unknown}
 j - a scroll of amnesia {unknown}
 n - a scroll of immolation {unknown}
Potions
 e - a potion of cancellation


   Skills:
 + Level 1.5 Fighting
 * Level 2.8 Ranged Weapons
 + Level 2.4 Dodging
 + Level 1.4 Spellcasting
 + Level 3.2 Hexes


You had 3 spell levels left.
You knew the following spells:

 Your Spells              Type           Power      Damage    Failure   Level
a - Slow                  Hex            40%        N/A       6%          1

Your spell library contained the following spells:

 Spells                   Type           Power      Damage    Failure   Level
 Tukima's Dance           Hex            10%        N/A       19%         3
 Apportation              Tloc           2%         N/A       24%         1
 Necrotise                Necr           4%         1d4       24%         1
 Summon Small Mammal      Summ           4%         N/A       24%         1
 Wereblood                Tmut           1%         N/A       34%         2
 Inner Flame              Hex/Fire       5%         N/A       36%         3
 Portal Projectile        Hex/Tloc       10%        N/A       36%         3
 Cause Fear               Hex            5%         N/A       52%         4
 Iskenderun's Mystic Bla  Conj/Tloc      1%         2d3       93%         4
 Irradiate                Conj/Tmut      0%         3d11      100%        5


Dungeon Overview and Level Annotations

Branches:
Dungeon (3/15)

Altars:

Annotations:
D:3 Ijyb


Innate Abilities, Weirdness & Mutations

You cannot wear most types of armour.
You are amphibious.
You can wear up to eight rings at the same time.
Your skin changes colour to match your surroundings (Stealth+).
Your rubbery body absorbs attacks. (AC +1, EV +1)
((You are camouflaged when in or above water. (Stealth+)))
You have tentacles for arms and can constrict up to eight enemies at once.


Message History

You tentacle-slap Ijyb but do no damage.
Ijyb is moderately wounded.
You constrict Ijyb. Ijyb hits you but does no damage.
You tentacle-slap Ijyb but do no damage.
Ijyb is heavily wounded.
You constrict Ijyb, but do no damage. Ijyb misses you.
You barely miss Ijyb.
Ijyb is heavily wounded.
You constrict Ijyb, but do no damage. Ijyb barely misses you.
You tentacle-slap Ijyb but do no damage.
Ijyb is heavily wounded.
You constrict Ijyb, but do no damage. Ijyb misses you.
You tentacle-slap Ijyb but do no damage.
Ijyb is heavily wounded.
You constrict Ijyb. The hobgoblin hits you. Ijyb hits you with a +0 dagger.
You tentacle-slap Ijyb but do no damage.
Ijyb is heavily wounded.
You constrict Ijyb, but do no damage. The hobgoblin barely misses you.
Ijyb completely misses you.
You tentacle-slap Ijyb but do no damage.
Ijyb is heavily wounded.
You constrict Ijyb, but do no damage. The hobgoblin barely misses you.
Ijyb barely misses you.
You tentacle-slap Ijyb but do no damage.
Ijyb is heavily wounded.
You constrict Ijyb, but do no damage. The hobgoblin hits you.
Ijyb hits you with a +0 dagger.
* * * LOW HITPOINT WARNING * * *
You tentacle-slap Ijyb but do no damage.
Ijyb is heavily wounded.
You constrict Ijyb. The hobgoblin closely misses you. Ijyb closely misses you.
You tentacle-slap Ijyb but do no damage.
Ijyb is severely wounded.
You constrict Ijyb, but do no damage. The hobgoblin hits you.
* * * LOW HITPOINT WARNING * * *
Ijyb barely misses you.
You tentacle-slap Ijyb but do no damage.
Ijyb is severely wounded.
You constrict Ijyb, but do no damage. The hobgoblin hits you.
You die...

### .. . #.
...<##g######
......g@....##
....##.###.#.#####
. #. #.###....# ..
##.#.###.## ###
##.## #..# ###
##.# #.######
######.......
#...........>


You could see Ijyb and a hobgoblin.

Vanquished Creatures
  2 adders
  3 endoplasms (D:1)
  A giant cockroach (D:2)
  3 goblins
  4 hobgoblins
  2 jackals (D:2)
  2 quokkas
  3 ball pythons
  A bat (D:2)
  2 kobolds (D:1)
  7 rats
30 creatures vanquished.

Notes
Turn   | Place    | Note
-------+----------+-------------------------------------------
     0 | D:1      | mopl the Octopode Hexslinger began the quest for the Orb.
     0 | D:1      | Reached XP level 1. HP: 13/13 MP: 2/2
   131 | D:1      | Reached XP level 2. HP: 18/18 MP: 3/3
   788 | D:2      | Reached XP level 3. HP: 23/23 MP: 4/4
  1292 | D:3      | HP: 1/23 [poisoned by an adder]
  1346 | D:3      | Noticed Ijyb
  1363 | D:3      | Slain by a hobgoblin

Illustrated notes

Levels and vault maps discovered:
D:1:      saegor_arrival_simple_b, layout_basic, grunt_decor_resistance
D:2:      layout_basic
D:3:      layout_loops_cross, hangedman_glass_teeth, moated_statue, uniq_ijyb,
          uniq_terence

Action                     || total
---------------------------++-------
  Melee: Unarmed           ||    19
         Constrict         ||     2
         Punch             ||     1
         Tentacles         ||     1
   Fire: Sling             ||    96
    Use: Potion            ||     2
 Armour: Skin              ||     2
  Dodge: Dodged            ||    48

Table legend: (Time is in decaauts)
 A = Elapsed time spent in this place.
 B = Non-inter-level travel time spent in this place.
 C = Inter-level travel time spent in this place.
 D = Time resting spent in this place.
 E = Time spent auto-exploring this place.
 F = Levels seen in this place.
 G = Mean time per level.
                   A        B        C        D        E       F      G
               +--------+--------+--------+--------+--------+-----+--------+
         Total |   1386 |   1296 |     90 |     24 |   1059 |   3 |  462.0 |
       Dungeon |   1386 |   1296 |     90 |     24 |   1059 |   3 |  462.0 |
               +--------+--------+--------+--------+--------+-----+--------+

Top non-repeatable levels by time:
     D:2: 686 daAuts
     D:1: 617 daAuts
     D:3: 83 daAuts
